 Dungeon Crawl Stone Soup version 0.24-a0-443-g80245de385 (webtiles) character file.

Game seed: 17857773429930254057

121826 ivs the Severer (level 16, -11/146 HPs)
             Began as a Minotaur Monk on June 21, 2019.
             Was an Elder of Uskayaw.
             Hit by a javelin thrown by a merfolk javelineer (16 damage)
             ... on level 4 of the Shoals.
             The game lasted 02:43:20 (10337 turns).

ivs the Severer (Minotaur Monk)                    Turns: 10337, Time: 02:43:21

Health: -11/146    AC: 23    Str: 30    XL:     16   Next: 3%
Magic:  30/30      EV: 22    Int:  7    God:    Uskayaw [****..]
Gold:   167        SH:  0    Dex: 19    Spells: 14/15 levels left

rFire    + . .     SeeInvis .   a - +9 war axe of Honour {drain, +Inv MR+}
rCold    + . .     Gourm    .   (no shield)
rNeg     + + +     Faith    .   E - +1 chain mail "Quehot" {*Drain rN+ MP+9}
rPois    .         Spirit   .   j - +2 hat
rElec    +         Reflect  .   O - +0 cloak {+Inv}
rCorr    .         Harm     .   R - +2 pair of gloves "Quwun" {-Cast rElec rN+ Regen+}
MR       ++...     NoCast   +   u - +2 pair of boots {run}
Stlth    ..........             A - amulet of Dufucu {Acrobat rC+ rN+ Str+3}
HPRegen  0.74/turn              F - ring of protection from fire
MPRegen  0.22/turn              S - +5 ring of strength

@: agile, berserk cooldown, very slightly contaminated, slowed, invisible, very
slow
A: retaliatory headbutt, horns 2
}: 1/15 runes: abyssal
a: Stomp, Line Pass, Renounce Religion


You were on level 4 of the Shoals.
You worshipped Uskayaw.
Uskayaw was noncommittal.
You were hungry.

You visited 4 branches of the dungeon, and saw 25 of its levels.
You visited the Abyss 1 time.
You also visited: Bailey and Volcano.

You collected 2274 gold pieces.
You spent 2107 gold pieces at shops.

Inventory:

Hand Weapons
 a - the +9 war axe of Honour (weapon) {drain, +Inv MR+}
   (You found it on level 5 of the Dungeon)

   A truly terrible weapon, it drains the life of those it strikes.
   It affects your resistance to hostile enchantments.
   It lets you turn invisible.
 b - a +2 arbalest of freezing
 d - a +0 demon whip of flaming
 v - a +0 dagger of distortion
 J - a +1 vampiric halberd
 L - a +2 battleaxe
Missiles
 g - 45 javelins
 B - 2 curare-tipped darts
 H - 6 throwing nets (quivered)
 M - 98 bolts
Armour
 j - a +2 hat (worn)
 u - a +2 pair of boots of running (worn)
 E - the +1 chain mail "Quehot" (worn) {*Drain rN+ MP+9}
   (You bought it in a shop on level 8 of the Dungeon)

   It protects you from negative energy.
   It affects your magic capacity (+9).
   It causes draining when unequipped.
 O - a +0 cloak of invisibility (worn)
 Q - the +0 pair of boots of the Crypt {rC+ MR- Dex+5 SInv}
   (You found it on level 11 of the Dungeon)

   It affects your dexterity (+5).
   It protects you from cold.
   It affects your resistance to hostile enchantments.
   It lets you see invisible.
 R - the +2 pair of gloves "Quwun" (worn) {-Cast rElec rN+ Regen+}
   (You found it on level 5 of the Dungeon)

   It insulates you from electricity.
   It protects you from negative energy.
   It prevents spellcasting.
   It increases your rate of regeneration.
Jewellery
 f - the ring of Phasing {EV+8}
   (You took it off a merfolk on level 4 of the Shoals)

   [ring of evasion]

   It affects your evasion (+8).
 A - the amulet of Dufucu (around neck) {Acrobat rC+ rN+ Str+3}
   (You bought it in a shop on level 2 of the Orcish Mines)

   [amulet of the acrobat]

   It helps you evade while moving and waiting.
   It affects your strength (+3).
   It protects you from cold.
   It protects you from negative energy.
 C - an uncursed ring of resist corrosion
 F - a ring of protection from fire (left hand)
 I - an uncursed ring of ice
 N - an uncursed ring of positive energy
 S - a +5 ring of strength (right hand)
Wands
 y - a wand of enslavement (12)
 U - a wand of digging (4)
 Y - a wand of paralysis (10)
Scrolls
 h - 13 scrolls of remove curse
 k - 7 scrolls of teleportation
 l - a scroll of blinking
 t - 5 scrolls of amnesia
 x - 3 scrolls of fear
 G - a scroll of vulnerability {unknown}
 P - 5 scrolls of immolation
 T - a scroll of fog
 W - a scroll of enchant armour
Potions
 e - 2 potions of magic
 i - a potion of brilliance
 m - 4 potions of curing
 n - 5 potions of agility
 q - a potion of lignification
 r - 2 potions of cancellation
 s - 2 potions of ambrosia
 D - 2 potions of might
 K - 6 potions of mutation
 X - 2 potions of flight
 Z - 2 potions of resistance
Comestibles
 c - 38 rations


   Skills:
 + Level 14.0 Fighting
 - Level 17.1 Axes
 - Level 14.1 Crossbows
 - Level 4.2 Throwing
 - Level 11.1 Armour
 - Level 11.1 Dodging
 - Level 1.5 Stealth
 - Level 7.0 Invocations
 - Level 8.3 Evocations


You had 14 spell levels left.
You knew the following spells:

 Your Spells              Type           Power        Failure   Level  Hunger
a - Animate Skeleton      Necr           N/A          86%         1    ##.....

Your spell library contained the following spells:

 Spells                   Type           Power        Failure   Level  Hunger
 Apportation              Tloc           #.....       86%         1    ##.....
 Confusing Touch          Hex            #.....       86%         1    ##.....
 Corona                   Hex            #......      86%         1    ##.....
 Pain                     Necr           #...         86%         1    ##.....
 Summon Small Mammal      Summ           #...         86%         1    ##.....
 Ensorcelled Hibernation  Hex/Ice        #.....       95%         2    ###....
 Confuse                  Hex            #.......     99%         3    ####...
 Dazzling Spray           Conj/Hex       #.....       99%         3    ####...
 Gell's Gravitas          Tloc           #.........   99%         3    ####...
 Regeneration             Chrm/Necr      #.........   99%         3    ####...
 Tukima's Dance           Hex            #.......     99%         3    ####...
 Vampiric Draining        Necr           #.........   99%         3    ####...
 Animate Dead             Necr           N/A          100%        4    #####..
 Petrify                  Tmut/Erth      #.......     100%        4    #####..
 Bolt of Magma            Conj/Fire/Erth #.........   100%        5    ######.
 Iskenderun's Battlesphe  Conj/Chrm      #.......     100%        5    ######.
 Metabolic Englaciation   Hex/Ice        #.........   100%        5    ######.
 Venom Bolt               Conj/Pois      #.........   100%        5    ######.
 Yara's Violent Unravell  Hex/Tmut       #.........   100%        5    ######.
 Iron Shot                Conj/Erth      #.........   100%        6    #######
 Orb of Destruction       Conj           #.........   100%        7    #######
 Spellforged Servitor     Conj/Summ      #.........   100%        7    #######


Dungeon Overview and Level Annotations

Branches:
Dungeon (13/15)            Temple (0/1) D:6            Lair (6/6) D:8
 Shoals (4/4) Lair:4        Snake (0/4) Lair:4        Slime (0/5) Lair:5
    Orc (2/2) D:10            Elf (0/3) Orc:2
 Vaults: D:13-14

Altars:
Dithmenos
Gozag
Hepliaklqana
Kikubaaqudgha
Trog
Uskayaw
The Shining One
Beogh
Jiyva

Shops:
D:8 *   Orc:2 *([=   Shoals:1 !

Annotations:
D:11 3 runed translucent doors, exclusion: obsidian statue
D:12 Nergalle
Shoals:3 2 runed translucent doors, Voker57's ghost, journeyman DsMo


Innate Abilities, Weirdness & Mutations

You reflexively headbutt those who attack you in melee.
You have a pair of horns on your head.


Message History

Unknown command.
You slice the merfolk javelineer!! You drain the merfolk javelineer!
You headbutt the merfolk javelineer!
The merfolk javelineer is severely wounded.
The merfolk javelineer throws a javelin.
The javelin pierces through you!
* * * LOW HITPOINT WARNING * * *
You hear a splash.
Uskayaw will force your foes to share their pain.
You feel agile all of a sudden.
The sea snake hisses angrily.
The sea snake misses you.
The merfolk javelineer throws a javelin.
The javelin closely misses you.
The javelin pierces through the sea snake!
The sea snake bites you but does no damage.
The merfolk javelineer throws a javelin.
The javelin pierces through the sea snake!!
The javelin pierces through you!
You die...

≈≈≈≈≈≈≈≈≈≈≈≈.....≈≈≈≈≈≈≈≈,***,,≈
≈≈≈≈≈≈≈≈≈≈m.......≈≈≈≈≈≈≈,****,≈
≈≈≈≈≈≈≈≈≈≈≈..m...<(≈≈≈≈≈≈,,,,,,≈
≈≈≈≈≈≈≈≈≈≈..##.....≈≈≈≈≈≈......≈
≈≈≈≈≈≈≈≈≈≈m###.≈...≈≈≈≈≈≈.....≈≈
≈≈≈≈≈≈≈≈≈≈().......≈≈≈≈≈≈≈(.≈≈≈≈
≈≈≈≈≈≈≈≈≈(.)..#).(.....≈≈≈≈≈≈≈≈≈
≈≈≈≈≈≈≈≈≈≈≈m..#S.......≈≈≈≈≈≈≈≈≈
≈≈≈≈≈≈≈≈≈≈≈≈.##@.[.....≈≈≈≈≈≈≈≈≈
≈≈≈≈≈≈≈≈≈.≈≈≈.m........≈≈.≈≈≈≈≈≈
≈≈≈≈≈≈≈≈≈≈≈≈≈..........≈..≈)≈((≈
≈≈≈≈≈≈≈≈≈≈.≈..............≈))≈≈≈
≈≈≈≈≈≈≈≈≈≈≈≈≈...........≈##'##≈≈
≈≈≈≈≈≈≈≈≈≈≈≈≈...........##≈≈≈#*≈
≈≈≈≈≈≈≈≈≈≈≈≈...........≈#≈≈≈≈≈#≈
≈≈≈≈≈≈≈≈≈≈≈.....###)..≈≈#≈≈)≈≈#≈
≈≈≈≈≈≈≈≈≈≈≈≈≈......#..≈≈#≈≈≈≈≈#≈


You could see 2 merfolk javelineers and a sea snake.

Vanquished Creatures
  Saint Roka (Orc:2)
  A tentacled starspawn (Abyss:5)
  Kirke (Lair:6)
  Ilsuiw (Shoals:4)
  2 merfolk javelineers
  7 ettins
  4 merfolk impalers
  A fire dragon (Lair:6)
  A great orb of eyes (D:8)
  2 hydras
  2 rakshasas (Abyss:4)
  A centaur warrior (D:8)
  2 merfolk avatars (Shoals:4)
  A death knight (D:13)
  7 merfolk aquamancers
  A hell hog (Volcano)
  A thrashing horror (Abyss:5)
  Urug (Lair:6)
  An orc high priest (Orc:2)
  Sonja (D:12)
  A hell knight (Abyss:4)
  2 wretched stars (Abyss:4)
  A sixfirhy (Abyss:4)
  7 sea snakes
  2 fire crabs
  5 starcursed masses (Abyss:4)
  Pikel (D:9)
  A lindwurm (Lair:6)
  20 harpies
  An orb spider (Abyss:4)
  3 orc knights (Orc:2)
  An ugly thing (D:12)
  2 fauns (Shoals:1)
  6 orc sorcerers
  6 manticores
  5 merfolk sirens
  4 cyclopes
  Joseph (D:7)
  6 black mambas
  2 molten gargoyles (Lair:6)
  A smoke demon (Abyss:4)
  2 water nymphs (Shoals:4)
  Psyche (D:11)
  4 spiny frogs
  5 rime drakes
  A torpor snail (Lair:2)
  8 komodo dragons
  An ancient zyme (Abyss:4)
  A silent spectre (Abyss:5)
  30 merfolk
  2 wind drakes
  5 trolls
  A hornet (D:11)
  9 raiju
  4 snapping turtles
  9 slime creatures
  4 blink frogs (Lair:1)
  8 hippogriffs
  A meliai zombie (D:12)
  17 dream sheep
  11 water elementals
  3 wyverns
  3 ettin skeletons (Abyss:5)
  10 yaks
  A wraith (D:8)
  6 basilisks
  4 fire bats (Volcano)
  7 hogs (Lair:6)
  A vampire mosquito (D:8)
  4 steam dragons
  A hungry ghost (D:9)
  3 wargs
  A floating eye (Abyss:5)
  6 hell hounds
  16 water moccasins
  An ice beast (shapeshifter) (D:8)
  6 porcupines
  30 orc warriors
  2 ice beasts
  2 large abominations
  A phantom (D:9)
  4 slaves
  6 ogres
  5 sky beasts
  4 wolves
  10 centaurs
  8 crocodiles
  12 bullfrogs
  3 gnoll sergeants (D:9)
  2 small abominations (Abyss:4)
  2 scorpions
  A water moccasin skeleton (D:12)
  4 howler monkeys
  An electric eel (D:9)
  3 crimson imps
  A bullfrog zombie (D:10)
  2 centaur zombies
  4 lava snakes (Lair:6)
  8 hounds
  8 jellies
  19 orc priests
  2 centaur skeletons
  A bullfrog skeleton (D:5)
  A gnoll shaman (D:9)
  4 iguanas
  20 orc wizards
  9 worker ants
  A hound skeleton (D:10)
  20 gnolls
  18 adders
  2 shadow imps
  3 oozes
  An adder skeleton (D:8)
  2 dart slugs
  5 worms
  2 leopard geckos
  51 orcs
  4 bats
  4 giant cockroaches
  6 goblins
  5 hobgoblins
  4 jackals
  2 quokkas
  A ball python (D:4)
  4 frilled lizards
  A jackal zombie (D:8)
  4 kobolds
  A leopard gecko skeleton (D:9)
  A quokka zombie (D:9)
  3 rats
  A lurking horror (Abyss:5)
  A plant (Lair:4)
640 creatures vanquished.

Vanquished Creatures (collateral kills)
  A merfolk impaler (Shoals:4)
  A merfolk (Shoals:4)
  An ogre (Orc:2)
  A bullfrog zombie (D:12)
  An orc (Orc:2)
5 creatures vanquished.

Vanquished Creatures (others)
  A merfolk (Shoals:4)
  A sky beast (D:9)
  2 fungi
  A lurking horror (Abyss:4)
  A plant (Lair:6)
  A starspawn tentacle (Abyss:5)
7 creatures vanquished.

Grand Total: 652 creatures vanquished

Notes
Turn   | Place    | Note
-------+----------+-------------------------------------------
     0 | D:1      | ivs the Minotaur Monk began the quest for the Orb.
     0 | D:1      | Reached XP level 1. HP: 19/19 MP: 0/0
   113 | D:1      | Reached skill level 4 in Axes
   302 | D:1      | Reached XP level 2. HP: 20/26 MP: 1/1
   386 | D:2      | Reached skill level 5 in Axes
   387 | D:2      | Reached XP level 3. HP: 24/31 MP: 2/2
   675 | D:1      | Reached XP level 4. HP: 33/39 MP: 3/3
   678 | D:1      | Reached skill level 6 in Axes
   962 | D:5      | Entered Level 5 of the Dungeon
   980 | D:5      | Got a pair of jewelled gloves
   991 | D:5      | Identified the +2 pair of gloves "Quwun" {-Cast rElec rN+
                  | Regen+} (You found it on level 5 of the Dungeon)
  1019 | D:5      | Reached skill level 1 in Throwing
  1048 | D:4      | Found an opulent altar of Gozag.
  1055 | D:4      | Reached XP level 5. HP: 40/45 MP: 4/4
  1083 | D:6      | Noticed an ogre
  1090 | D:6      | Killed an ogre
  1113 | D:5      | Noticed a sky beast
  1137 | D:5      | Killed a sky beast
  1137 | D:5      | Reached XP level 6. HP: 48/51 MP: 5/5
  1173 | D:5      | Noticed a sky beast
  1188 | D:5      | Killed a sky beast
  1250 | D:6      | Reached XP level 7. HP: 16/57 MP: 6/6
  1272 | D:7      | Noticed Joseph
  1345 | D:5      | Reached skill level 5 in Armour
  1453 | D:5      | Found a hide-covered altar of Uskayaw.
  1469 | D:5      | Got an encrusted war axe
  1470 | D:5      | Identified the +9 war axe of Honour {drain, +Inv MR+} (You
                  | found it on level 5 of the Dungeon)
  1474 | D:5      | Became a worshipper of Uskayaw the Reveler
  1474 | D:5      | Reached * piety under Uskayaw
  1609 | D:6      | Reached ** piety under Uskayaw
  1626 | D:7      | Reached skill level 7 in Axes
  1638 | D:7      | Found an ancient bone altar of Kikubaaqudgha.
  1642 | D:7      | Reached skill level 8 in Axes
  1642 | D:7      | Reached XP level 8. HP: 67/67 MP: 7/7
  1688 | D:7      | Reached *** piety under Uskayaw
  1689 | D:7      | Reached skill level 9 in Axes
  1694 | D:7      | Found a flagged portal.
  1703 | Bailey   | Entered a bailey
  1803 | D:6      | Reached skill level 10 in Axes
  1861 | D:7      | Killed Joseph
  1934 | D:8      | Found Hudghofa's Assorted Antiques.
  1966 | D:8      | Found a staircase to the Lair.
  1969 | D:8      | Reached XP level 9. HP: 72/72 MP: 9/11
  2005 | D:7      | Found a hazy altar of Hepliaklqana.
  2018 | D:7      | Reached skill level 1 in Invocations
  2119 | D:8      | Bought a scorched chain mail for 228 gold pieces
  2129 | D:8      | Identified the cursed +1 chain mail "Quehot" {*Drain rN+
                  | MP+9} (You bought it in a shop on level 8 of the Dungeon)
  2205 | D:9      | Noticed a troll
  2229 | D:8      | Found a glowing golden altar of the Shining One.
  2409 | D:8      | Killed a troll
  2428 | D:9      | Noticed Pikel
  2449 | D:9      | Killed Pikel
  2512 | D:9      | HP: 1/73 [slime creature (7)]
  2549 | Lair:1   | Entered Level 1 of the Lair of Beasts
  2553 | Lair:1   | Noticed a six-headed hydra
  2661 | D:9      | Reached skill level 5 in Fighting
  2661 | D:9      | Reached **** piety under Uskayaw
  2663 | D:9      | Killed a large slime creature
  2663 | D:9      | Reached XP level 10. HP: 43/88 MP: 13/13
  2663 | D:9      | Reached ***** piety under Uskayaw
  2705 | D:9      | Found a shadowy altar of Dithmenos.
  2788 | D:8      | Noticed a great orb of eyes
  2788 | D:8      | Noticed a centaur warrior
  2793 | D:8      | Reached skill level 11 in Axes
  2807 | D:8      | Killed a centaur warrior
  2809 | D:8      | Reached skill level 12 in Axes
  2816 | D:8      | Reached ****** piety under Uskayaw
  2819 | D:8      | Killed a great orb of eyes
  2936 | D:8      | Reached skill level 13 in Axes
  3164 | D:10     | Entered Level 10 of the Dungeon
  3247 | D:10     | Reached XP level 11. HP: 93/94 MP: 14/14
  3289 | D:10     | Reached skill level 14 in Axes
  3400 | D:10     | Found a staircase to the Orcish Mines.
  3494 | D:12     | Noticed Sonja
  3498 | D:12     | Killed Sonja
  3588 | D:12     | Noticed Nergalle
  3758 | D:13     | Learned a level 1 spell: Animate Skeleton
  3774 | D:13     | Reached skill level 15 in Axes
  3776 | D:13     | Noticed a death knight
  3791 | D:13     | Killed a death knight
  3830 | D:13     | Noticed a phantasmal warrior
  3830 | D:13     | Noticed a skeletal warrior
  3839 | D:12     | Noticed a brown ugly thing
  3841 | D:12     | Reached skill level 16 in Axes
  3878 | D:11     | Noticed Psyche
  3888 | D:11     | Killed Psyche
  3925 | D:11     | Found a runed translucent door.
  3976 | D:12     | Killed a brown ugly thing
  4056 | D:13     | Noticed a skeletal warrior
  4196 | D:11     | Reached skill level 17 in Axes
  4259 | D:11     | Got a pair of shimmering boots
  4265 | D:11     | Identified the cursed +0 pair of boots of the Crypt {rC+
                  | MR- Dex+5 SInv} (You found it on level 11 of the Dungeon)
  4284 | D:11     | Found a runed translucent door.
  4284 | D:11     | Noticed an obsidian statue
  4290 | D:11     | Found a runed translucent door.
  4297 | D:11     | Found a runed translucent door.
  4315 | D:11     | Reached XP level 12. HP: 81/103 MP: 15/15
  4377 | Orc:1    | Entered Level 1 of the Orcish Mines
  4523 | Orc:2    | Entered Level 2 of the Orcish Mines
  4568 | Orc:2    | Reached skill level 10 in Fighting
  4594 | Orc:2    | Found a bloodstained altar of Trog.
  4746 | Orc:2    | Found a staircase to the Elven Halls.
  4789 | Orc:2    | Noticed Saint Roka
  4806 | Orc:2    | HP: 1/159 [Saint Roka/divine providence (14)]
  4810 | Orc:2    | Killed Saint Roka
  4914 | Orc:2    | Noticed an orc high priest
  4921 | Orc:2    | Killed an orc high priest
  5013 | Orc:2    | Found a roughly hewn altar of Beogh.
  5087 | Orc:2    | Found Atwo's Antique Weapon Shoppe.
  5094 | Orc:2    | Reached skill level 10 in Dodging
  5128 | Orc:2    | Found Voynux's General Store.
  5146 | Orc:2    | Found Udghu's Antique Armour Shoppe.
  5162 | Orc:2    | Found Jutyrel's Jewellery Shoppe.
  5418 | Orc:1    | Noticed an ettin
  5435 | Orc:1    | Killed an ettin
  5435 | Orc:1    | Reached XP level 13. HP: 98/113 MP: 16/16
  5544 | Orc:2    | Bought a pair of glowing boots for 187 gold pieces
  5544 | Orc:2    | Bought a glowing cloak for 187 gold pieces
  5549 | Orc:2    | Identified a +1 pair of boots of running (You bought it in
                  | a shop on level 2 of the Orcish Mines)
  5570 | Orc:2    | Bought the amulet of Dufucu {Acrobat rC+ rN+ Str+3} for 545
                  | gold pieces
  5570 | Orc:2    | Bought an uncursed ring of resist corrosion for 200 gold
                  | pieces
  5588 | Orc:2    | Bought a runed hat for 175 gold pieces
  5622 | Orc:2    | Bought a potion of heal wounds for 75 gold pieces
  5622 | Orc:2    | Bought a scroll of fog for 30 gold pieces
  5921 | Lair:1   | Reached skill level 1 in Crossbows
  6141 | Lair:2   | Reached skill level 5 in Crossbows
  6437 | Lair:4   | Found a staircase to the Shoals.
  6546 | Lair:6   | Entered Level 6 of the Lair of Beasts
  6667 | Lair:5   | Found a runed translucent door.
  6667 | Lair:5   | Found a viscous altar of Jiyva.
  6668 | Lair:5   | Found a staircase to the Slime Pits.
  6778 | Lair:6   | Found a large runed translucent door.
  6779 | Lair:6   | Found a large runed translucent door.
  6779 | Lair:6   | Noticed a fire dragon
  6799 | Lair:6   | Reached skill level 5 in Evocations
  6925 | Lair:6   | Noticed Urug
  6934 | Lair:6   | Killed Urug
  6947 | Lair:6   | Noticed Kirke
  6958 | Lair:6   | Killed Kirke
  7040 | Lair:6   | Found a dark tunnel.
  7049 | Volcano  | Entered a volcano
  7142 | Volcano  | Reached XP level 14. HP: 99/121 MP: 18/18
  7743 | Lair:4   | Found a staircase to the Snake Pit.
  7932 | Shoals:1 | Entered Level 1 of the Shoals
  8122 | Shoals:1 | Found Voklu's Distillery.
  8169 | Shoals:1 | Bought a potion of berserk rage for 50 gold pieces
  8169 | Shoals:1 | Bought a potion of heal wounds for 50 gold pieces
  8169 | Shoals:1 | Bought a potion of heal wounds for 50 gold pieces
  8169 | Shoals:1 | Bought a potion of heal wounds for 50 gold pieces
  8169 | Shoals:1 | Bought a potion of ambrosia for 80 gold pieces
  8169 | Shoals:1 | Bought a potion of agility for 40 gold pieces
  8169 | Shoals:1 | Bought a potion of might for 40 gold pieces
  8169 | Shoals:1 | Bought a potion of agility for 40 gold pieces
  8169 | Shoals:1 | Bought a potion of mutation for 80 gold pieces
  8398 | Shoals:3 | Reached skill level 10 in Armour
  8751 | Shoals:3 | Found a large runed translucent door.
  8752 | Shoals:3 | Found a large runed translucent door.
  8756 | Shoals:3 | Noticed Voker57's ghost (journeyman DsMo)
  8765 | Shoals:4 | Entered Level 4 of the Shoals
  8780 | Shoals:4 | Cast into level 3 of the Abyss (merfolk impaler)
  8861 | Abyss:4  | Noticed a starcursed mass
  8892 | Abyss:4  | Reached XP level 15. HP: 106/133 MP: 20/20
  8915 | Abyss:4  | Reached skill level 10 in Crossbows
  8917 | Abyss:4  | Noticed a bone dragon
  9089 | Abyss:4  | Noticed a tentacled monstrosity
  9222 | Abyss:4  | Noticed a tentacled starspawn
  9227 | Abyss:5  | Entered Level 5 of the Abyss
  9227 | Abyss:5  | Entered Level 5 of the Abyss
  9314 | Abyss:5  | Noticed a profane servitor
  9337 | Abyss:5  | Paralysed by a floating eye for 4 turns
  9340 | Abyss:5  | Noticed a tentacled starspawn
  9361 | Abyss:5  | Got an abyssal rune of Zot
  9390 | Abyss:5  | Killed a tentacled starspawn
  9448 | Shoals:4 | Escaped the Abyss
  9462 | Shoals:4 | Noticed Ilsuiw
  9712 | Shoals:4 | Identified the +2 long sword of the Skies Above {venom,
                  | rElec rPois rF+ MR-}
  9748 | Shoals:4 | Killed Ilsuiw
 10312 | Shoals:4 | HP: 6/137 [merfolk javelineer/javelin (11)]
 10313 | Shoals:4 | Reached XP level 16. HP: 6/145 MP: 21/21
 10336 | Shoals:4 | HP: 4/146 [merfolk javelineer/javelin (8)]
 10337 | Shoals:4 | Hit by a javelin thrown by a merfolk javelineer

Levels and vault maps discovered:
D:1:      lemuel_arrival_river_bridge, layout_loops_ring,
          chequers_serial_rivers_room_a
D:2:      layout_rooms, minmay_stone_trees_medium
D:3:      layout_basic, nicolae_overflow_crystal_walls, vehumet_crystals,
          lemuel_coloured_pillars_altar, uniq_ijyb
D:4:      layout_layer_cave, kennysheep_mini_moat, first_ration
D:5:      layout_basic, eat_drink_and_be_merry_uskayaw,
          chequers_serial_rivers_room_b, hex_large
D:6:      layout_basic, minmay_temple_entry_trees
D:7:      layout_cave_pools, kennysheep_little_box, lemuel_doored_altar,
          enter_bailey_2, uniq_joseph
D:8:      minmay_klotski, layout_rooms, serial_shops, nicolae_shop_waterfront,
          basic_altar
D:9:      layout_big_octagon, nicolae_overflow_quartered_altars,
          serial_gnoll_camp, gnoll_camp_mini_shop, gnoll_camp_mini_loothouse,
          gnoll_camp_mini_house, gnoll_camp_huts_moat, gnoll_camp_mini_basic,
          david_nohive_1, uniq_pikel
D:10:     layout_gridville, minmay_orc_entry_guard_dogs,
          minmay_misc_feat_ornament, dk_noncrumbling_4
D:11:     layout_cave_pools, minmay_statue_crystal_thing, uniq_psyche
D:12:     layout_basic, uniq_nergalle, uniq_sonja
D:13:     layout_long_grid, david_vaults_1
Lair:1:   layout_gridlike, minivault_23, grunt_megastairs_4
Lair:2:   layout_regular_city, serial_bayou_pond_d, minivault_26,
          lemuel_fruit_fields, lemuel_fruit_tree, grunt_megastairs_5
Lair:3:   layout_roguey, roderic_batcave
Lair:4:   layout_loops_ring, minmay_shoals_entry_hut,
          minmay_snake_entry_six_corridors
Lair:5:   layout_roguey, slime_altar_2, st_stairs_11, serial_bayou_shore_b,
          uniq_josephine
Lair:6:   cheibrodos_lair_end_hotspot, layout_regular_city,
          nicolae_volcano_entry_lava_flow, uniq_kirke, uniq_urug
Shoals:1: layout_shoals, serial_shops, shop
Shoals:2: layout_shoals, uniq_polyphemus
Shoals:3: layout_shoals, ebering_ghost_disaster_area
Shoals:4: shoals_end_simple, layout_shoals, shoals_ilsuiw_ice
Orc:1:    layout_caves, serial_shops, nicolae_shop_waterfront
Orc:2:    grunt_orc_cross, layout_diamond_mine, basic_altar

Skill      XL: |  1  2  3  4  5  6  7  8  9 10 11 12 13 14 15 16 |
---------------+-------------------------------------------------+-----
Axes           | 4 5 6 8 10 13 17 | 17.1
Throwing       | 1 4 |  4.2
Armour         | 4 6 11 | 11.1
Fighting       | 4 8 10 12 13 14 | 14.0
Evocations     | 4 7 8 |  8.3
Invocations    | 6 7 |  7.0
Dodging        | 10 11 | 11.1
Crossbows      | 9 14 | 14.1
Stealth        | |  1.5

Action                   |  1- 3 |  4- 6 |  7- 9 | 10-12 | 13-15 | 16-18 || total
-------------------------+-------+-------+-------+-------+-------+-------++-------
Melee: Hand axe          |    85 |    85 |    30 |       |       |       ||   200
       Headbutt          |    15 |    19 |    25 |   101 |   203 |     3 ||   366
       War axe           |       |       |   102 |   389 |   795 |     6 ||  1292
       Flail             |       |       |       |    34 |    14 |       ||    48
 Fire: Arbalest          |       |       |       |       |    42 |       ||    42
Throw: Boomerang         |     3 |     8 |    14 |    31 |       |       ||    56
       Javelin           |       |       |       |    16 |     1 |       ||    17
       Dart              |       |       |       |    11 |     1 |       ||    12
       Throwing net      |       |       |       |     1 |     1 |       ||     2
Invok: Line Pass         |       |       |     3 |    10 |    11 |       ||    24
       Stomp             |       |       |       |     6 |       |       ||     6
       Grand Finale      |       |       |       |     1 |       |       ||     1
 Abil: Evoke Invisibilit |       |       |       |       |     6 |     1 ||     7
Evoke: Wand              |       |       |     4 |    21 |    12 |       ||    37
       Sack of spiders   |       |       |       |     2 |       |       ||     2
  Use: Scroll            |       |     3 |     2 |     5 |    23 |     2 ||    35
       Potion            |       |       |     4 |     3 |    14 |     2 ||    23
 Stab: Paralysed         |       |       |     9 |    45 |    79 |       ||   133
       Confused          |       |       |       |     3 |     3 |       ||     6
       Invisible         |       |       |       |       |     9 |       ||     9
  Eat: Chunk             |       |     1 |     6 |     8 |    15 |       ||    30
       Ration            |       |       |       |     2 |     2 |       ||     4
Armor: Chain mail        |    43 |    42 |    92 |   206 |   300 |     1 ||   684
       Robe              |     2 |       |       |       |       |       ||     2
Dodge: Dodged            |    24 |    24 |    54 |   156 |   579 |     7 ||   844
Block: Buckler           |       |       |    23 |    51 |     9 |       ||    83

Table legend:
 A = Non-vault XP
 B = Vault XP
 C = Vault XP percentage of total XP
 D = Non-vault monster count
 E = Vault monster count
 F = Vault count percentage of total count
                 A         B        C        D         E       F
            +---------+---------+-------+---------+---------+-------
      Total |   98019 |   57448 |  37.0 |     449 |     192 |  30.0
            +---------+---------+-------+---------+---------+-------
        D:1 |      31 |       0 |   0.0 |      15 |       0 |   0.0
        D:2 |      75 |       0 |   0.0 |      17 |       0 |   0.0
        D:3 |       5 |       0 |   0.0 |       3 |       0 |   0.0
        D:4 |      53 |       0 |   0.0 |       4 |       0 |   0.0
        D:5 |     631 |       0 |   0.0 |      14 |       0 |   0.0
        D:6 |     596 |       0 |   0.0 |      10 |       0 |   0.0
        D:7 |     816 |     466 |  36.3 |      20 |       1 |   4.8
        D:8 |     565 |    3074 |  84.5 |      10 |      14 |  58.3
        D:9 |    2862 |    1556 |  35.2 |      22 |      33 |  60.0
       D:10 |     504 |     339 |  40.2 |      16 |       2 |  11.1
       D:11 |    2771 |     418 |  13.1 |      23 |       1 |   4.2
       D:12 |    3397 |     814 |  19.3 |      18 |       1 |   5.3
       D:13 |    2885 |       0 |   0.0 |      12 |       0 |   0.0
     Lair:1 |    3565 |     890 |  20.0 |      13 |       3 |  18.8
     Lair:2 |    3045 |       0 |   0.0 |      13 |       0 |   0.0
     Lair:3 |     495 |       0 |   0.0 |       2 |       0 |   0.0
     Lair:4 |    2800 |    2268 |  44.8 |      12 |      19 |  61.3
     Lair:5 |     443 |     735 |  62.4 |       4 |       9 |  69.2
     Lair:6 |    5867 |   12383 |  67.9 |      23 |      35 |  60.3
   Shoals:1 |   11350 |       0 |   0.0 |      24 |       0 |   0.0
   Shoals:2 |    6472 |       0 |   0.0 |      12 |       0 |   0.0
   Shoals:3 |    7078 |       0 |   0.0 |      15 |       0 |   0.0
   Shoals:4 |   19072 |   13024 |  40.6 |      44 |      19 |  30.2
      Orc:1 |    4473 |       0 |   0.0 |      33 |       0 |   0.0
      Orc:2 |    3169 |   10319 |  76.5 |      41 |      33 |  44.6
    Abyss:4 |   11551 |       0 |   0.0 |      25 |       0 |   0.0
    Abyss:5 |    3448 |    8251 |  70.5 |       4 |      12 |  75.0
     Bailey |       0 |     136 | 100.0 |       0 |       1 | 100.0
    Volcano |       0 |    2775 | 100.0 |       0 |       9 | 100.0
            +---------+---------+-------+---------+---------+-------
